 Dungeon Sprint DCSS version 0.27-a0-93-g19769c27d7 (webtiles) character file.

Game seed: 12763405899911283389

618 mhtbhm the Fighter (level 7, -7/72 HPs)
             Began as a Purple Draconian Berserker on Jan 17, 2021.
             Was a Priest of Trog.
             Mangled by Sonja
             ... wielding a +1 dagger of distortion
              (16 damage)
             ... in the Dungeon (Sprint I: "Red Sonja").
             The game lasted 00:00:55 (894 turns).

mhtbhm the Fighter (Purple Draconian Berserker)      Turns: 894, Time: 00:00:56

Health: -7/72      AC:  6    Str: 21    XL:     7   Next: 21%
Magic:  7/7        EV: 15    Int:  8    God:    Trog [***...]
Gold:   326        SH:  0    Dex: 10    Spells: 6/6 levels left

rFire    . . .     SeeInvis .   a - +0 falchion
rCold    . . .     Faith    .   (no shield)
rNeg     . . .     Spirit   .   (armour unavailable)
rPois    .         Reflect  .   (helmet restricted)
rElec    .         Harm     .   (no cloak)
rCorr    .         Rampage  .   (no gloves)
Will     +....     NoTele   +   (no boots)
Stlth    +.........             (no amulet)
HPRegen  0.22/turn              (no ring)
MPRegen  0.10/turn              (no ring)

@: lethally poisoned (-7 -> -8), short of breath, berserk cooldown, slowed, very
slow
A: breathe power, unfitting armour, cold-blooded, AC +6
a: Breathe Dispelling Energy, Renounce Religion, Berserk, Trog's Hand


You were in the Dungeon.
You worshipped Trog.
Trog was most pleased with you.
You visited 1 branch You collected 423 gold pieces.
You spent 97 gold pieces at shops.

Inventory:

Hand Weapons
 a - a +0 falchion (weapon)
Scrolls
 g - 2 scrolls of blinking
 i - a scroll of enchant armour {unknown}
Potions
 b - a potion of curing
 c - a potion of heal wounds
 d - a potion of haste
 e - 2 potions of magic
 f - a potion of berserk rage
 h - a potion of resistance


   Skills:
 + Level 10.2 Fighting
 + Level 10.0 Long Blades
 + Level 8.4 Dodging
 + Level 0.9 Stealth


You had 6 spell levels left.
You didn't know any spells.
Your spell library was empty.

Dungeon Overview and Level Annotations

Branches:
Dungeon (1/1)

Altars:
Cheibriados
Dithmenos
Elyvilon
Fedhas
Gozag
Hepliaklqana
Kikubaaqudgha
Makhleb
Nemelex Xobeh
Okawaru
Qazlal
Ru
Sif Muna
Trog
Uskayaw
Vehumet
Wu Jian
Xom
Yredelemnul
Zin
The Shining One
Jiyva
Lugonu

Shops:
D ?

Annotations:
D Sonja


Innate Abilities, Weirdness & Mutations

You can breathe bolts of dispelling energy.
Your rich purple scales are hard. (AC +6)
You cannot fit into any form of body armour.
You are cold-blooded and may be slowed by cold attacks.


Message History

You feel sick.
Sonja hits you with a +1 dagger of distortion. x2
* * * LOW HITPOINT WARNING * * *
Sonja barely misses you.
Sonja casts a spell.
Sonja blinks!
Unknown command.
Unknown command.
You feel sick.
Sonja casts a spell.
Sonja blinks!
Sonja hits you with a +1 dagger of distortion.
* * * LOW HITPOINT WARNING * * *
Space warps horribly around you!
* * * LOW HITPOINT WARNING * * *
Sonja barely misses you.
Sonja hits you with a +1 dagger of distortion.
* * * LOW HITPOINT WARNING * * *
Space warps horribly around you!
You die...

######################
#<.#..').#.)'..#__#..+
#..)..#..'..#..'..'..#
#..#####'#####'#__####
#..####..#...#.####
#..#__####..##.#
#..#_____##'#_.+
#⌠⌠#_.∩..÷'§K@_#
####_.§__##_.#'#
#_____###'#)# #######
#(### +$.$+ #(.$#
##.## #+#


You could see Sonja.

Vanquished Creatures
  Sigmund (D)
  A slime creature (D)
  A yak (D)
  An ogre (D)
  A jelly (D)
  Ijyb (D)
6 creatures vanquished.

Notes
Turn   | Place    | Note
-------+----------+-------------------------------------------
     0 | D        | mhtbhm the Draconian Berserker began the quest for the Orb.
     0 | D        | Reached XP level 1. HP: 19/19 MP: 1/1
     1 | D        | Noticed Ijyb
     9 | D        | Killed Ijyb
    10 | D        | Reached XP level 2. HP: 28/28 MP: 2/2
   194 | D        | Noticed an ogre
   198 | D        | Killed an ogre
   199 | D        | Reached skill level 5 in Dodging
   199 | D        | Reached XP level 3. HP: 27/38 MP: 3/3
   199 | D        | Reached XP level 4. HP: 32/45 MP: 4/4
   388 | D        | Noticed Sigmund
   400 | D        | Killed Sigmund
   400 | D        | Reached ** piety under Trog
   401 | D        | Reached XP level 5. HP: 43/56 MP: 5/5
   401 | D        | Reached XP level 6. HP: 48/62 MP: 6/6
   506 | D        | Found an ornate altar of the Wu Jian Council.
   506 | D        | Found a shimmering blue altar of Sif Muna.
   508 | D        | Found a radiant altar of Vehumet.
   523 | D        | Found a burning altar of Makhleb.
   523 | D        | Found a viscous altar of Jiyva.
   523 | D        | Found a shimmering altar of Xom.
   523 | D        | Found a corrupted altar of Lugonu.
   523 | D        | Noticed a slime creature
   529 | D        | Killed a slime creature
   612 | D        | Found Baqal's Magic Scroll Emporium.
   612 | D        | Found an ancient bone altar of Kikubaaqudgha.
   612 | D        | Found a hazy altar of Hepliaklqana.
   612 | D        | Found a stormy altar of Qazlal.
   612 | D        | Found a hide-covered altar of Uskayaw.
   612 | D        | Found a blossoming altar of Fedhas.
   612 | D        | Found a bloodstained altar of Trog.
   612 | D        | Found an iron altar of Okawaru.
   612 | D        | Found a basalt altar of Yredelemnul.
   612 | D        | Found a glowing golden altar of the Shining One.
   612 | D        | Found a snail-covered altar of Cheibriados.
   612 | D        | Found a sacrificial altar of Ru.
   612 | D        | Found a glowing silver altar of Zin.
   612 | D        | Found a shadowy altar of Dithmenos.
   612 | D        | Found a white marble altar of Elyvilon.
   612 | D        | Noticed a yak
   613 | D        | Found an opulent altar of Gozag.
   628 | D        | Killed a yak
   628 | D        | Reached *** piety under Trog
   629 | D        | Reached skill level 10 in Fighting
   629 | D        | Reached skill level 10 in Long Blades
   629 | D        | Your scales start taking on a rich purple colour.
   629 | D        | Reached XP level 7. HP: 22/72 MP: 7/7
   629 | D        | Found a sparkling altar of Nemelex Xobeh.
   633 | D        | Bought a scroll of blinking for 97 gold pieces
   883 | D        | Noticed Sonja
   894 | D        | Mangled by Sonja

Illustrated notes

Levels and vault maps discovered:
D:        dungeon_sprint_1 [red_sonja_temple_1, red_sonja_temple_small_1]

Skill      XL: |  1  2  3  4  5  6 |
---------------+-------------------+-----
Fighting       | 4 6 8 10 | 10.2
Long Blades    | 4 6 8 10 | 10.0
Dodging        | 4 5 7 8 |  8.4
Stealth        | |  0.9

Action                   |  1- 3 |  4- 6 |  7- 9 || total
-------------------------+-------+-------+-------++-------
Melee: Falchion          |     9 |    31 |     2 ||    42
       Tailslap          |     3 |     9 |       ||    12
Invok: Berserk           |     2 |     3 |     1 ||     6
 Abil: Breathe Dispellin |       |       |     1 ||     1
Armor: Skin              |     2 |     2 |     2 ||     6
Dodge: Dodged            |     1 |    15 |     7 ||    23
       Rpst.: Falchion   |       |     3 |       ||     3

Table legend: (Time is in decaauts)
 A = Elapsed time spent in this place.
 B = Non-inter-level travel time spent in this place.
 C = Inter-level travel time spent in this place.
 D = Time resting spent in this place.
 E = Time spent auto-exploring this place.
 F = Levels seen in this place.
 G = Mean time per level.
                   A        B        C        D        E       F      G
               +--------+--------+--------+--------+--------+-----+--------+
         Total |    932 |    932 |      0 |    769 |      1 |   1 |  932.0 |
       Dungeon |    932 |    932 |      0 |    769 |      1 |   1 |  932.0 |
               +--------+--------+--------+--------+--------+-----+--------+

Top non-repeatable levels by time:
       D: 932 daAuts
